[Event "Elitserien 2022/2023"]
[Site "Elite Hotel Marina Plaza, Kungstorget 6, Helsingborg, Sweden"]
[Date "2022.10.14"]
[Round "1.23"]
[White "Hedman, Erik"]
[Black "Helgason, Reynir"]
[Result "1/2-1/2"]
[TimeControl "90 minutes for 40 moves + 30 minutes for the rest of the game + 30 seconds per move from move one."]
[WhiteTitle "IM"]
[BlackTitle "FM"]
[WhiteFideId "1702351"]
[BlackFideId "1700600"]
[WhiteElo "2322"]
[BlackElo "2269"]

1. Nf3 d5 2. g3 Nf6 3. Bg2 e6 4. O-O Be7 5. d3 O-O 6. Nbd2 a5 7. e4 a4 8. a3 Nc6 9. h3 dxe4 10.
dxe4 e5 11. Nc4 Nxe4 12. Nfxe5 Nxe5 13. Nxe5 Qxd1 14. Rxd1 Nd6 15. f4 Bf5 16. Be3 Rfd8 17. g4 Be4 18. Rd4 Bxg2 19. Kxg2 f6 20.
Nd3 b5 21. Bf2 Nc4 22. Re1 Rxd4 23. Bxd4 Kf7 24. Re2 Rd8 25. Bf2 Rd5 26. Kf3 g6 27. Ke4 c6 28. Kf3 Bd6 29. Be1 Bf8 30.
Bc3 1/2-1/2

[Event "Elitserien 2022/2023"]
[Site "Elite Hotel Marina Plaza, Kungstorget 6, Helsingborg, Sweden"]
[Date "2022.10.14"]
[Round "1.24"]
[White "Penalver, Osmani"]
[Black "Kenneskog, Theodor"]
[Result "0-1"]
[TimeControl "90 minutes for 40 moves + 30 minutes for the rest of the game + 30 seconds per move from move one."]
[BlackTitle "FM"]
[WhiteFideId "1704516"]
[BlackFideId "1715011"]
[WhiteElo "2268"]
[BlackElo "2322"]

1. d4 Nf6 2. c4 e6 3. Nc3 Bb4 4. f3 c5 5. d5 b5 6. e4 d6 7. a3 Ba5 8. Bd2 a6 9. dxe6 Bxe6 10.
cxb5 O-O 11. bxa6 Nc6 12. Nge2 Rb8 13. Qc1 Bb3 14. Nb1 Bb6 15. Bc3 Rc8 16. Qg5 Nd4 17. Bxd4 cxd4 18. Nd2 Ba4 19.
b3 h6 20. Qg3 Ba5 21. b4 Bc7 22. Qf2 Bb6 23. Nf4 d3 24. Qg3 Bd4 25. Rb1 Bc2 26. Nxd3 Bxb1 27. Nxb1 Rc2 28. Kd1 Qc7 29.
Nc5 Bxc5 30. bxc5 Qxc5 31. Nd2 Rc8 32. Bc4 Rxc4 33. Ke2 Rc3 34. Rd1 Qe3+ 35. Kf1 Rc1 36. Qe1 Qxa3 37. Kf2 Rxd1 38.
Qxd1 Qxa6 39. Qb3 Qa7+ 0-1

[Event "Elitserien 2022/2023"]
[Site "Elite Hotel Marina Plaza, Kungstorget 6, Helsingborg, Sweden"]
[Date "2022.10.14"]
[Round "1.25"]
[White "Amin, Bassem"]
[Black "Semcesen, Daniel"]
[Result "1-0"]
[TimeControl "90 minutes for 40 moves + 30 minutes for the rest of the game + 30 seconds per move from move one."]
[WhiteTitle "GM"]
[BlackTitle "GM"]
[WhiteFideId "10601457"]
[BlackFideId "1706993"]
[WhiteElo "2663"]
[BlackElo "2472"]

1. Nf3 d5 2. g3 Nf6 3. Bg2 Bg4 4. c4 c6 5. Ne5 Be6 6. cxd5 Bxd5 7. Nf3 c5 8. Nc3 Bc6 9. O-O e6 10.
Re1 Be7 11. e4 O-O 12. d4 Re8 13. Bf4 Na6 14. Qd2 Rc8 15. Rad1 Bf8 16. d5 exd5 17. exd5 Rxe1+ 18. Qxe1 Bd7 19.
Ne5 Qb6 20. Nxd7 Nxd7 21. d6 Rd8 22. Nd5 Qxb2 23. Rb1 Qxa2 24. Ne7+ Kh8 25. Bxb7 Nb4 26. Rxb4 cxb4 27. Nc6 b3 28.
Nxd8 b2 29. Be4 1-0

[Event "Elitserien 2022/2023"]
[Site "Elite Hotel Marina Plaza, Kungstorget 6, Helsingborg, Sweden"]
[Date "2022.10.14"]
[Round "1.26"]
[White "Sylvan, Jacob"]
[Black "Grigorov, Grigor"]
[Result "1/2-1/2"]
[TimeControl "90 minutes for 40 moves + 30 minutes for the rest of the game + 30 seconds per move from move one."]
[WhiteTitle "IM"]
[BlackTitle "GM"]
[WhiteFideId "1402137"]
[BlackFideId "2907313"]
[WhiteElo "2310"]
[BlackElo "2512"]

1. e4 c6 2. d4 d5 3. exd5 cxd5 4. c4 Nf6 5. Nc3 e6 6. Nf3 Bb4 7. cxd5 exd5 8. Bb5+ Bd7 9. Qe2+ Ne4 10.
O-O Bxc3 11. bxc3 O-O 12. Bd3 Nxc3 13. Qb2 Qc8 14. Bf4 Ne4 15. Rfc1 Bc6 16. Ne5 Qe6 17. f3 Nd6 18. Re1 Qf6 19.
Qd2 Nc4 20. Nxc4 dxc4 21. Bxc4 Nd7 1/2-1/2

[Event "Elitserien 2022/2023"]
[Site "Elite Hotel Marina Plaza, Kungstorget 6, Helsingborg, Sweden"]
[Date "2022.10.14"]
[Round "1.27"]
[White "Engqvist, Thomas"]
[Black "Kristensen, Kaare Hove"]
[Result "1-0"]
[TimeControl "90 minutes for 40 moves + 30 minutes for the rest of the game + 30 seconds per move from move one."]
[WhiteTitle "IM"]
[BlackTitle "IM"]
[WhiteFideId "1700332"]
[BlackFideId "1400940"]
[WhiteElo "2333"]
[BlackElo "2267"]

1. c4 b6 2. Nc3 Bb7 3. e4 e5 4. Nf3 Nc6 5. d4 exd4 6. Nxd4 Bb4 7. Nf5 Bxc3+ 8. bxc3 Qf6 9. Bd2 Nge7 10.
Ne3 Ne5 11. f3 c6 12. Be2 O-O 13. O-O d5 14. f4 Nxc4 15. e5 Qe6 16. Bxc4 dxc4 17. f5 Qxe5 18. f6 Nd5 19. Ng4 Qd6 20.
Nh6+ 1-0

[Event "Elitserien 2022/2023"]
[Site "Elite Hotel Marina Plaza, Kungstorget 6, Helsingborg, Sweden"]
[Date "2022.10.14"]
[Round "1.28"]
[White "Nilsson, Anders"]
[Black "Cramling, Pia"]
[Result "1/2-1/2"]
[TimeControl "90 minutes for 40 moves + 30 minutes for the rest of the game + 30 seconds per move from move one."]
[WhiteTitle "CM"]
[BlackTitle "GM"]
[WhiteFideId "1705423"]
[BlackFideId "1700030"]
[WhiteElo "2209"]
[BlackElo "2468"]

1. d4 Nf6 2. Bf4 d5 3. e3 c5 4. Nf3 Nc6 5. Nbd2 cxd4 6. exd4 Bf5 7. c3 e6 8. Bb5 Bd6 9. Bxd6 Qxd6 10.
O-O Bg4 11. Re1 O-O 12. a4 Ne7 13. Qc2 Rac8 14. Ne5 Bf5 15. Qb3 h6 16. a5 Rc7 17. Bf1 Ne4 18. Nxe4 Bxe4 19. Ra4 Rb8 20.
Rb4 f6 21. Nd3 Nc6 22. Rb5 Bxd3 23. Bxd3 Kf7 24. Qd1 Ne7 25. Qh5+ Kg8 26. Qg4 Kf7 27. Qh5+ Kg8 28. Qg4 Kf7 29.
Qh5+ Kg8 30. Qg4 Kf7 1/2-1/2

[Event "Elitserien 2022/2023"]
[Site "Elite Hotel Marina Plaza, Kungstorget 6, Helsingborg, Sweden"]
[Date "2022.10.14"]
[Round "1.30"]
[White "Rosell, Tomas"]
[Black "Wedberg, Tom"]
[Result "0-1"]
[TimeControl "90 minutes for 40 moves + 30 minutes for the rest of the game + 30 seconds per move from move one."]
[BlackTitle "GM"]
[WhiteFideId "1707132"]
[BlackFideId "1700073"]
[WhiteElo "2174"]
[BlackElo "2395"]

1. e4 e5 2. Nf3 Nc6 3. d4 exd4 4. Nxd4 g6 5. Nc3 Bg7 6. Be3 Nf6 7. Nxc6 bxc6 8. e5 Ng8 9. f4 Nh6 10. Be2 O-O 11. O-O d6 12.
exd6 cxd6 13. Bd4 Nf5 14. Bxg7 Kxg7 15. Kh1 Re8 16. g3 d5 17. Bf3 Qf6 18. Qd2 Ne3 19. Rfe1 Nc4 20. Qc1 Bf5 21.
Rf1 Re3 22. g4 Bd7 23. Bg2 Bxg4 24. Nxd5 cxd5 25. Bxd5 Rae8 26. Bxc4 Qc6+ 0-1

[Event "Elitserien 2022/2023"]
[Site "Elite Hotel Marina Plaza, Kungstorget 6, Helsingborg, Sweden"]
[Date "2022.10.14"]
[Round "1.31"]
[White "Astrom, Goran"]
[Black "Rothman, Peter"]
[Result "1-0"]
[TimeControl "90 minutes for 40 moves + 30 minutes for the rest of the game + 30 seconds per move from move one."]
[WhiteTitle "FM"]
[WhiteFideId "1700847"]
[BlackFideId "1709402"]
[WhiteElo "2230"]
[BlackElo "2135"]

1. e4 c5 2. Nf3 d6 3. d4 cxd4 4. Nxd4 Nf6 5. Nc3 a6 6. Be3 Ng4 7. Bg5 h6 8. Bh4 g5 9. Bg3 Bg7 10.
h3 Ne5 11. Nf5 Bxf5 12. exf5 Nbc6 13. Nd5 Nd7 14. c3 Nf6 15. Bc4 Nxd5 16. Qxd5 Rf8 17. O-O Qc7 18. Qd1 Be5 19. Bxe5 Nxe5 20.
Bd5 Nd7 21. Qb3 Nb6 22. Bf3 O-O-O 23. Rfe1 Kb8 24. Rad1 Ka7 25. Rd4 d5 26. Bxd5 Nxd5 27. Rxd5 f6 28. Red1 h5 29. Qb4 Rxd5 30.
Rxd5 Re8 31. Qd4+ Qb6 32. c4 Qxd4 33. Rxd4 Kb6 34. Kf1 Kc5 35. Re4 Kd6 36. Ke2 Rc8 37. Kd3 Rc5 38. g4 hxg4 39.
hxg4 Rc8 40. b4 Rh8 41. c5+ Kd7 42. f3 Rh1 43. Kc3 Rf1 44. Re3 Rf2 45. a3 Kd8 46. Kb3 Rd2 47. Ka4 Rd7 48.
Ka5 Kc7 49. a4 Kc6 50. Re6+ Kc7 51. b5 axb5 52. axb5 Rd5 53. Rxe7+ Kd8 54. Rxb7 Rxc5 55. Rf7 Rc3 56. Rxf6 1-0

[Event "Elitserien 2022/2023"]
[Site "Elite Hotel Marina Plaza, Kungstorget 6, Helsingborg, Sweden"]
[Date "2022.10.14"]
[Round "1.33"]
[White "Livner, Anders"]
[Black "Pantzar, Milton"]
[Result "1-0"]
[TimeControl "90 minutes for 40 moves + 30 minutes for the rest of the game + 30 seconds per move from move one."]
[WhiteTitle "FM"]
[BlackTitle "IM"]
[WhiteFideId "1704150"]
[BlackFideId "1721003"]
[WhiteElo "2365"]
[BlackElo "2465"]

1. Nf3 Nf6 2. c4 e6 3. g3 d5 4. Bg2 Be7 5. O-O O-O 6. d4 c6 7. Qc2 b6 8. Nbd2 c5 9. dxc5 bxc5 10.
b3 Nc6 11. Bb2 Nb4 12. Qb1 Rb8 13. Ne5 Bb7 14. cxd5 exd5 15. Nd3 a5 16. Rc1 Qb6 17. Nf4 Rbd8 18. Re1 Qa7 19. e3 Rfe8 20.
Qd1 d4 21. exd4 Bxg2 22. Kxg2 cxd4 23. a3 Nbd5 24. Nd3 Nc3 25. Qf3 Nfd5 26. h4 Bf6 27. Ne4 Nxe4 28. Rxe4 Rxe4 29. Qxe4 Qb6 30.
Re1 h6 31. Nc1 Nc3 32. Qd3 Qc6+ 33. Kh2 Qd5 34. Bxc3 dxc3 35. Re8+ Rxe8 36. Qxd5 g6 37. Qd3 Rd8 38. Qf3 Kg7 39.
Ne2 c2 40. Kg2 Rd2 41. Nc1 Rd1 42. Na2 Ra1 43. Qc6 Rxa2 44. Qc4 h5 45. Kh3 Rb2 46. b4 a4 47. b5 Kg8 48. b6 Bg7 49.
f4 Rxb6 50. Qxc2 Rb3 51. Qc8+ Bf8 52.
f5 Rxa3 53. Qe8 Kg7 54. Qe5+ Kg8 55. fxg6 fxg6 56. Qf6 Bg7 57. Qxg6 Ra1 58. Qe8+ Bf8 59. Qe6+ Kh7 60. Qf5+ Kg8 61.
Qe6+ Kh7 62. Qe5 Bg7 63. Qxh5+ Kg8 64. Qe8+ Kh7 65. Qh5+ Kg8 66. Qe8+ Kh7 67. h5 a3 68. Qg6+ Kh8 69.
Qe8+ Kh7 70. Kg4 Bb2 71. Qe7+ Kh8 72. Qe8+ Kg7 73. Qd7+ Kf8 74. h6 Re1 75. Kg5 Re7 76. Qc8+ Kf7 77.
Qf5+ Ke8 78. Qc8+ Kf7 79. h7 Re5+ 80. Kg4 Re8 81. Qb7+ Kg6 82. Qc6+ Kf7 83. Qd5+ Kg7 84. Qd7+ Kf8 85. Kf5 Re7 86. Qd8+ Re8 87.
Qd7 Re7 88. Qc8+ Re8 89. Qb7 Re5+ 90. Kf4 Re7 91. Qxb2 Rf7+ 92. Ke3 Re7+ 93. Kf2 Rf7+ 94. Kg2 1-0

[Event "Elitserien 2022/2023"]
[Site "Elite Hotel Marina Plaza, Kungstorget 6, Helsingborg, Sweden"]
[Date "2022.10.14"]
[Round "1.34"]
[White "Thybo, Jesper Sondergaard"]
[Black "Ong, Kezli"]
[Result "1-0"]
[TimeControl "90 minutes for 40 moves + 30 minutes for the rest of the game + 30 seconds per move from move one."]
[WhiteTitle "GM"]
[WhiteFideId "1438832"]
[BlackFideId "1706500"]
[WhiteElo "2516"]
[BlackElo "2298"]

1. d4 Nf6 2. Nf3 e6 3. g3 d5 4. c4 Be7 5. Bg2 O-O 6. O-O dxc4 7. Qc2 a6 8. a4 Bd7 9. Qxc4 Bc6 10.
Bg5 Bd5 11. Qc2 Be4 12. Qc1 h6 13. Bxf6 Bxf6 14. Nbd2 Bxf3 15. Nxf3 a5 16. Rd1 c6 17. h4 Na6 18. h5 Qb6 19.
Qc4 Rfd8 20. e3 Qb4 21. Nd2 e5 22. d5 cxd5 23. Bxd5 Rxd5 24. Qxd5 Rd8 25. Qb5 Rxd2 26. Rxd2 Qxd2 27.
Qxb7 Nb4 28. Qc8+ Kh7 29. Rc1 Qd3 30. Qe8 Qf5 31. Qxf7 Nd3 32. Rc2 e4 33. Qg6+ Qxg6 34. hxg6+ Kxg6 35.
b3 Kf5 36. Rc7 h5 37. b4 axb4 38. a5 b3 39. Rb7 b2 40. Rb5+ Ke6 41. a6 Bc3 42. Rxb2 Bxb2 43. a7 Kf5 44.
a8=Q Bf6 45. Qc8+ Kg5 46. Qc6 Kf5 47. Qd7+ 1-0

[Event "Elitserien 2022/2023"]
[Site "Elite Hotel Marina Plaza, Kungstorget 6, Helsingborg, Sweden"]
[Date "2022.10.14"]
[Round "1.35"]
[White "Hjelm, Niclas"]
[Black "Kucuksari, Kaan"]
[Result "1-0"]
[TimeControl "90 minutes for 40 moves + 30 minutes for the rest of the game + 30 seconds per move from move one."]
[WhiteTitle "FM"]
[BlackTitle "FM"]
[WhiteFideId "1700502"]
[BlackFideId "6380166"]
[WhiteElo "2279"]
[BlackElo "2482"]

1. d4 Nf6 2. c4 g6 3. Nc3 Bg7 4. e4 d6 5. Bg5 c5 6. d5 h6 7. Bf4 O-O 8. Be2 b5 9. cxb5 a6 10.
bxa6 Qb6 11. Qd2 Bxa6 12. Bxh6 Bxh6 13. Qxh6 Qxb2 14. Rc1 Qb4 15. a3 Qxa3 16. h4 Bxe2 17. Ngxe2 Ng4 18. Qg5 Ne5 19.
O-O f6 20. Qg3 Kf7 21. f4 Nc4 22. e5 Rg8 23. h5 Na6 24. exf6 exf6 25. Ra1 Qb2 26. Rab1 Qc2 27. Rb7+ Kf8 28.
Qh4 Qf5 29. Ng3 g5 30. fxg5 Qxg5 31. Rxf6+ Ke8 32. Qxg5 Rxg5 33. Nce4 Re5 34. h6 Nc7 35. Rxc7 Kd8 36. Rf8+ Kxc7 37.
Rxa8 Nb6 38. Ra7+ Kb8 39. Rg7 1-0

[Event "Elitserien 2022/2023"]
[Site "Elite Hotel Marina Plaza, Kungstorget 6, Helsingborg, Sweden"]
[Date "2022.10.14"]
[Round "1.36"]
[White "Storme, Isak"]
[Black "Jaderberg, Bjorn"]
[Result "1-0"]
[TimeControl "90 minutes for 40 moves + 30 minutes for the rest of the game + 30 seconds per move from move one."]
[WhiteTitle "IM"]
[WhiteFideId "1728113"]
[BlackFideId "1712403"]
[WhiteElo "2424"]
[BlackElo "2147"]

1. Nf3 g6 2. d4 d6 3. e4 Bg7 4. Be3 a6 5. c4 Nd7 6. Nc3 b6 7. h4 h5 8. Be2 c5 9. d5 Ngf6 10.
Qc2 Qc7 11. Ng5 Ne5 12. f3 Bh6 13. Qd2 Ng8 14. O-O Bd7 15. f4 Ng4 16. Bxg4 Bxg4 17. e5 f6 18. Ne6 Qd7 19. f5 Bxf5 20.
Rxf5 gxf5 21. Qe2 Bxe3+ 22. Qxe3 Nh6 23. exf6 Kf7 24. Qg5 Rag8 25. Qxh5+ Rg6 26. Nf4 Rhg8 27. Nxg6 Rxg6 28. Ne2 1-0

[Event "Elitserien 2022/2023"]
[Site "Elite Hotel Marina Plaza, Kungstorget 6, Helsingborg, Sweden"]
[Date "2022.10.14"]
[Round "1.37"]
[White "Lagerborg, Krister"]
[Black "Jogstad, Martin"]
[Result "0-1"]
[TimeControl "90 minutes for 40 moves + 30 minutes for the rest of the game + 30 seconds per move from move one."]
[BlackTitle "FM"]
[WhiteFideId "1712411"]
[BlackFideId "1715364"]
[WhiteElo "2103"]
[BlackElo "2386"]

1. e4 c6 2. d4 d5 3. e5 Bf5 4. Nf3 e6 5. Be2 c5 6. Be3 Nc6 7. dxc5 Nge7 8. O-O Bg4 9. c3 Nf5 10. Bd4 Bxf3 11. Bxf3 Nfxd4 12. cxd4 Qh4 13. Nc3 Qxd4 14. Nb5 Qxd1 15.
Rfxd1 Rc8 16. Nd6+ Bxd6 17. exd6 b6 18. Rac1 bxc5 19. Rxc5 Kd7 20. Be2 Kxd6 21. Rb5 Rb8 22. f4 Rxb5 23.
Bxb5 Rb8 24. Bxc6 Kxc6 25. b3 Kd6 26. Kf2 Rc8 27. Rd2 Rc3 28. g3 f6 29. Ke1 Rc1+ 30. Ke2 e5 31. fxe5+ fxe5 32.
Kd3 Rf1 33. Ke2 Rh1 34. Kd3 d4 35. Ke4 Re1+ 36. Kf3 Kd5 37. Rc2 d3 38. Rc8 e4+ 39. Kf4 Rf1+ 40. Ke3 Re1+ 41. Kf4 g5+ 42.
Kxg5 e3 43. Kf4 d2 0-1

[Event "Elitserien 2022/2023"]
[Site "Elite Hotel Marina Plaza, Kungstorget 6, Helsingborg, Sweden"]
[Date "2022.10.14"]
[Round "1.38"]
[White "Mauritsson, Sebastian"]
[Black "Lindeman, Sven"]
[Result "1-0"]
[TimeControl "90 minutes for 40 moves + 30 minutes for the rest of the game + 30 seconds per move from move one."]
[WhiteTitle "FM"]
[WhiteFideId "1707892"]
[BlackFideId "1700790"]
[WhiteElo "2383"]
[BlackElo "2161"]

1. e4 e5 2. Nf3 Nc6 3. d4 exd4 4. Nxd4 Qf6 5. Be3 Bc5 6. c3 Nge7 7. Bb5 Bb6 8. O-O O-O 9. a4 a6 10. Bc4 Ne5 11. Be2 c5 12. Nc2 d6 13.
f4 N5c6 14. Nd2 Ng6 15. Qe1 Qe7 16. f5 Nge5 17. g4 f6 18. Qg3 Bc7 19. g5 Kh8 20. g6 d5 21. Qh4 h6 22. exd5 Nd8 23.
Ne4 b6 24. d6 Bxd6 25. Nxd6 Nb7 26. Nxc8 Raxc8 27. Bxa6 Rcd8 28. Be2 Nd6 29. a5 Qd7 30. Qf4 Qb7 31. axb6 Rfe8 32. Ra7 Qe4 33.
Qxe4 1-0

[Event "Elitserien 2022/2023"]
[Site "Elite Hotel Marina Plaza, Kungstorget 6, Helsingborg, Sweden"]
[Date "2022.10.14"]
[Round "1.39"]
[White "Stavenberg, Karl"]
[Black "Smith, Axel"]
[Result "0-1"]
[TimeControl "90 minutes for 40 moves + 30 minutes for the rest of the game + 30 seconds per move from move one."]
[BlackTitle "GM"]
[WhiteFideId "1753630"]
[BlackFideId "1707930"]
[WhiteElo "2115"]
[BlackElo "2402"]

1. d4 Nf6 2. c4 a6 3. g3 c6 4. Bg2 d5 5. Qc2 g6 6. Nf3 Bg7 7. O-O O-O 8. a4 a5 9. cxd5 cxd5 10.
Nc3 Nc6 11. Bg5 h6 12. Bxf6 Bxf6 13. Qb3 Nb4 14. Ne5 Be6 15. Nb5 Qb6 16. Rac1 Rac8 17. Qe3 Kg7 18. Qd2 Rfd8 19. e3 Bxe5 20.
dxe5 Nc6 21. f4 d4 22. exd4 Nxd4 23. Nxd4 Rxd4 24. Qf2 Rxc1 25. Rxc1 Qb4 0-1

[Event "Elitserien 2022/2023"]
[Site "Elite Hotel Marina Plaza, Kungstorget 6, Helsingborg, Sweden"]
[Date "2022.10.14"]
[Round "1.40"]
[White "Nord, Alexander"]
[Black "Wisdahl, Peter"]
[Result "1-0"]
[TimeControl "90 minutes for 40 moves + 30 minutes for the rest of the game + 30 seconds per move from move one."]
[WhiteTitle "CM"]
[WhiteFideId "1738135"]
[BlackFideId "1714023"]
[WhiteElo "2177"]
[BlackElo "2009"]

1. e4 c5 2. Nf3 Nc6 3. Bb5 g6 4. O-O Bg7 5. c3 e5 6. d4 cxd4 7. cxd4 Nxd4 8. Nxd4 exd4 9. Bf4 Ne7 10.
Nd2 O-O 11. Bd6 Re8 12. Qb3 Nc6 13. f4 Na5 14. Qd5 a6 15. Bd3 Nc6 16. Bc4 Qf6 17. e5 Qe6 18. Qf3 Qf5 19. Ne4 h5 20.
h3 h4 21. Ng5 Nd8 22. Bd3 1-0